TOP OF THE 1ST |
Quad Cities River Bandits batting - Pitching for Beloit Snappers : RHP Victor Sanchez
|
Pitching: RHP Victor Sanchez
|
|
Batting: RHB Reginald McDougall
|
0-0: Called Strike 0-1: Called Strike 0-2: Foul Ball, location: 2F 0-2: Strikes out swinging
|
Batting: RHB Workneh Lagat
|
0-0: Ball 1-0: Reached on error, E6 (Groundball, 6, EV 102.5 MPH)
|
Batting: LHB Mark Dearth
|
0-0: Ball 1-0: SINGLE (Groundball, 34D, EV 102.5 MPH) Workneh Lagat to third
|
Batting: RHB Marty King
|
0-0: Foul Ball, location: 2F 0-1: Foul Ball, location: 2F 0-2: Foul Ball, location: 2F 0-2: Ball 1-2: Foul Ball, location: 2F 1-2: Strikes out swinging
|
Batting: RHB Matthew Adams
|
0-0: Ball Passed Ball! Workneh Lagat scores Mark Dearth to second 1-0: Foul Ball, location: 2F 1-1: Ball 2-1: Swinging Strike 2-2: Ball 3-2: Strikes out swinging
|
Top of the 1st over - 1 run, 1 hit, 1 error, 1 left on base; Quad Cities 1 - Beloit 0 |
BOTTOM OF THE 1ST |
Beloit Snappers batting - Pitching for Quad Cities River Bandits : RHP Robin Yelland
|
Pitching: RHP Robin Yelland
|
|
Batting: RHB Josh Mauer
|
0-0: Swinging Strike 0-1: Ball 1-1: Fly out, F8 (Flyball, 8LD, EV 98.8 MPH)
|
Batting: RHB Roger Simmons
|
0-0: Ground out 6-3 (Groundball, 56, EV 88.8 MPH)
|
Batting: RHB Shannon Beck
|
0-0: Ball 1-0: SOLO HOME RUN (Flyball, 7D, EV 94.4 MPH), Distance : 358 ft
|
Batting: SHB Ivan Barry
|
0-0: Ground out 4-3 (Groundball, 4, EV 101.2 MPH)
|
Bottom of the 1st over - 1 run, 1 hit, 0 errors, 0 left on base; Quad Cities 1 - Beloit 1 |
TOP OF THE 2ND |
Quad Cities River Bandits batting - Pitching for Beloit Snappers : RHP Victor Sanchez
|
Batting: SHB Danny Jensen
|
0-0: Ball 1-0: Called Strike 1-1: Ball 2-1: Foul Ball, location: 2F 2-2: Foul Ball, location: 2F 2-2: Ball 3-2: Fly out, F7 (Flyball, 7, EV 96.9 MPH)
|
Batting: RHB Erik Smith
|
0-0: Called Strike 0-1: Foul Ball, location: 2F 0-2: Ball 1-2: Ball 2-2: Strikes out swinging
|
Batting: LHB Mike Staley
|
0-0: Ball 1-0: Swinging Strike 1-1: Ground out 6-3 (Groundball, 6M, EV 82.5 MPH)
|
Top of the 2nd over - 0 runs, 0 hits, 0 errors, 0 left on base; Quad Cities 1 - Beloit 1 |
BOTTOM OF THE 2ND |
Beloit Snappers batting - Pitching for Quad Cities River Bandits : RHP Robin Yelland
|
Batting: RHB Manny Moron
|
0-0: Ball 1-0: Foul Ball, location: 2F 1-1: DOUBLE (Line Drive, 9LM, EV 102.5 MPH)
|
Batting: RHB Tyler Stebbins
|
0-0: Swinging Strike 0-1: Ball 1-1: Swinging Strike 1-2: Strikes out swinging
|
Batting: LHB Victor Ferrermena
|
0-0: Ball 1-0: Swinging Strike 1-1: Ball 2-1: Called Strike 2-2: Strikes out swinging
|
Batting: SHB Matt Sybrant
|
0-0: Foul Ball, location: 2F 0-1: Ball 1-1: Ball 2-1: Called Strike 2-2: Foul Ball, location: 2F 2-2: Ball 3-2: Foul Ball, location: 2F 3-2: Fly out, F7 (Flyball, 7D, EV 105.0 MPH)
|
Bottom of the 2nd over - 0 runs, 1 hit, 0 errors, 1 left on base; Quad Cities 1 - Beloit 1 |
TOP OF THE 3RD |
Quad Cities River Bandits batting - Pitching for Beloit Snappers : RHP Victor Sanchez
|
Batting: RHB Evan Fry
|
0-0: Called Strike 0-1: SINGLE (Line Drive, 78S, EV 95.0 MPH)
|
Batting: RHB Reginald McDougall
|
0-0: Ball Evan Fry is caught stealing 2nd base 2-4 1-0: Called Strike 1-1: Foul Ball, location: 2F 1-2: Ground out 1-3 (Groundball, 13, EV 71.2 MPH)
|
Batting: RHB Workneh Lagat
|
0-0: DOUBLE (Flyball, 89D, EV 101.9 MPH)
|
Batting: LHB Mark Dearth
|
0-0: Ball 1-0: Called Strike 1-1: Foul Ball, location: 2F 1-2: Ball 2-2: Strikes out looking
|
Top of the 3rd over - 0 runs, 2 hits, 0 errors, 1 left on base; Quad Cities 1 - Beloit 1 |
BOTTOM OF THE 3RD |
Beloit Snappers batting - Pitching for Quad Cities River Bandits : RHP Robin Yelland
|
Batting: RHB Clay Statum
|
0-0: Ball 1-0: Called Strike 1-1: Called Strike 1-2: Ground out 5-3 (Groundball, 56, EV 105.6 MPH)
|
Batting: RHB Josh Mauer
|
0-0: Ball 1-0: Ball 2-0: SINGLE (Groundball, 6MD, EV 85.0 MPH) (infield hit)
|
Batting: RHB Roger Simmons
|
0-0: Called Strike Josh Mauer is caught stealing 2nd base 2-4 0-1: Foul Ball, location: 2F 0-2: Foul Ball, location: 2F 0-2: DOUBLE (Line Drive, 7LM, EV 111.9 MPH)
|
Batting: RHB Shannon Beck
|
0-0: 2-RUN HOME RUN (Line Drive, 78XD, EV 96.9 MPH), Distance : 387 ft
|
Batting: SHB Ivan Barry
|
0-0: Ball 1-0: Called Strike 1-1: Ball 2-1: Swinging Strike 2-2: SINGLE (Groundball, 3D, EV 97.5 MPH)
|
Batting: RHB Manny Moron
|
0-0: Ball 1-0: Ball 2-0: Ball 3-0: Called Strike 3-1: Foul Ball, location: 2F 3-2: SINGLE (Flyball, 3D, EV 91.9 MPH) Ivan Barry to second Ivan Barry to third
|
Batting: RHB Tyler Stebbins
|
0-0: Foul Ball, location: 2F 0-1: Ball 1-1: Swinging Strike 1-2: Ball 2-2: Strikes out swinging
|
Bottom of the 3rd over - 2 runs, 5 hits, 0 errors, 2 left on base; Quad Cities 1 - Beloit 3 |
TOP OF THE 4TH |
Quad Cities River Bandits batting - Pitching for Beloit Snappers : RHP Victor Sanchez
|
Batting: RHB Marty King
|
0-0: Ball 1-0: Called Strike 1-1: Swinging Strike 1-2: Hit by Pitch
|
Batting: RHB Matthew Adams
|
0-0: Ball 1-0: Ball 2-0: Called Strike 2-1: 2-RUN HOME RUN (Flyball, 9LD, EV 91.9 MPH), Distance : 339 ft
|
Batting: SHB Danny Jensen
|
0-0: Called Strike 0-1: Ball 1-1: Ball 2-1: Ground out 6-3 (Groundball, 4, EV 103.1 MPH)
|
Batting: RHB Erik Smith
|
0-0: Ball 1-0: Called Strike 1-1: Swinging Strike 1-2: Ball 2-2: Ball 3-2: Strikes out swinging
|
Batting: LHB Mike Staley
|
0-0: Swinging Strike 0-1: Ball 1-1: Ball 2-1: Ball 3-1: Called Strike 3-2: DOUBLE (Groundball, 3L, EV 103.1 MPH)
|
Batting: RHB Evan Fry
|
0-0: Ball 1-0: Called Strike 1-1: Called Strike 1-2: Strikes out swinging
|
Top of the 4th over - 2 runs, 2 hits, 0 errors, 1 left on base; Quad Cities 3 - Beloit 3 |
BOTTOM OF THE 4TH |
Beloit Snappers batting - Pitching for Quad Cities River Bandits : RHP Robin Yelland
|
Batting: LHB Victor Ferrermena
|
0-0: Called Strike 0-1: Foul Ball, location: 2F 0-2: Foul Ball, location: 2F 0-2: Ball 1-2: Foul Ball, location: 2F 1-2: Foul Ball, location: 2F 1-2: Fly out, F8 (Flyball, 8LD, EV 76.9 MPH)
|
Batting: SHB Matt Sybrant
|
0-0: Foul Ball, location: 2F 0-1: Ball 1-1: Foul Ball, location: 2F 1-2: Ground out 4-3 (Groundball, 4, EV 92.5 MPH)
|
Batting: RHB Clay Statum
|
0-0: Ball 1-0: Fly out, F3 (Popup, 3F, EV 53.1 MPH)
|
Bottom of the 4th over - 0 runs, 0 hits, 0 errors, 0 left on base; Quad Cities 3 - Beloit 3 |
TOP OF THE 5TH |
Quad Cities River Bandits batting - Pitching for Beloit Snappers : RHP Victor Sanchez
|
Batting: RHB Reginald McDougall
|
0-0: Ball 1-0: Called Strike 1-1: Foul Ball, location: 2F 1-2: Foul Ball, location: 2F 1-2: Strikes out swinging
|
Pitching: RHP Juan Lucero
|
|
Batting: RHB Workneh Lagat
|
0-0: SINGLE (Groundball, 6M, EV 95.6 MPH)
|
Batting: LHB Mark Dearth
|
0-0: Foul Ball, location: 2F 0-1: Called Strike Workneh Lagat steals 2nd base 0-2: Ball 1-2: Foul Ball, location: 2F 1-2: Ball 2-2: Strikes out looking
|
Batting: RHB Marty King
|
0-0: Called Strike 0-1: Swinging Strike 0-2: Foul Ball, location: 2F 0-2: Ground out 6-3 (Groundball, 6, EV 83.1 MPH)
|
Top of the 5th over - 0 runs, 1 hit, 0 errors, 1 left on base; Quad Cities 3 - Beloit 3 |
BOTTOM OF THE 5TH |
Beloit Snappers batting - Pitching for Quad Cities River Bandits : RHP Robin Yelland
|
Batting: RHB Josh Mauer
|
0-0: Ball 1-0: Ball 2-0: Ball 3-0: Called Strike 3-1: Called Strike 3-2: Ground out 6-3 (Groundball, 6, EV 87.5 MPH)
|
Batting: RHB Roger Simmons
|
0-0: Called Strike 0-1: Called Strike 0-2: SOLO HOME RUN (Flyball, 7D, EV 95.0 MPH), Distance : 355 ft
|
Batting: RHB Shannon Beck
|
0-0: Ball 1-0: Foul Ball, location: 2F 1-1: Hit by Pitch
|
Batting: SHB Ivan Barry
|
0-0: Swinging Strike 0-1: Swinging Strike 0-2: Strikes out swinging
|
Batting: RHB Manny Moron
|
0-0: Ball 1-0: Ball 2-0: SINGLE (Groundball, 15S, EV 76.2 MPH) (infield hit) Shannon Beck to second
|
Batting: RHB Tyler Stebbins
|
0-0: Called Strike 0-1: Ball 1-1: Ball 2-1: Ball 3-1: SINGLE (Flyball, 89S, EV 89.4 MPH) Shannon Beck to third Manny Moron to second
|
Batting: LHB Victor Ferrermena
|
0-0: Ball 1-0: SINGLE (Groundball, 4MD, EV 105.6 MPH) Shannon Beck scores Manny Moron to third Tyler Stebbins to second Runner from 3rd tries for Home, SAFE, throw by CF to home
|
Pitching: RHP Malachi Shelton
|
|
Batting: SHB Matt Sybrant
|
0-0: Ball 1-0: Ball 2-0: Ball 3-0: Called Strike 3-1: Foul Ball, location: 2F 3-2: Foul Ball, location: 2F 3-2: Base on Balls Tyler Stebbins to third Victor Ferrermena to second
|
Batting: RHB Clay Statum
|
0-0: SINGLE (Line Drive, 8RS, EV 92.5 MPH) Tyler Stebbins scores Victor Ferrermena to third Matt Sybrant to second
|
Batting: RHB Josh Mauer
|
0-0: Swinging Strike 0-1: Ball 1-1: Ball 2-1: Called Strike 2-2: SINGLE (Line Drive, 3L, EV 108.8 MPH) Victor Ferrermena scores Matt Sybrant to third Clay Statum to second
|
Batting: RHB Roger Simmons
|
0-0: Ball 1-0: Fielders Choice at 2nd, 6-4 (Groundball, 6, EV 84.4 MPH)
|
Bottom of the 5th over - 5 runs, 6 hits, 0 errors, 3 left on base; Quad Cities 3 - Beloit 8 |
TOP OF THE 6TH |
Quad Cities River Bandits batting - Pitching for Beloit Snappers : RHP Juan Lucero
|
Batting: RHB Matthew Adams
|
0-0: Foul Ball, location: 2F 0-1: SINGLE (Line Drive, 7S, EV 102.5 MPH)
|
Batting: SHB Danny Jensen
|
0-0: Called Strike 0-1: Ball 1-1: Ball 2-1: Foul Ball, location: 2F 2-2: Strikes out looking
|
Batting: RHB Erik Smith
|
0-0: Ball 1-0: Ball 2-0: Grounds into double play, 6-4-3 (Groundball, 6MD, EV 100.0 MPH)
|
Top of the 6th over - 0 runs, 1 hit, 0 errors, 0 left on base; Quad Cities 3 - Beloit 8 |
BOTTOM OF THE 6TH |
Beloit Snappers batting - Pitching for Quad Cities River Bandits : RHP Malachi Shelton
|
Batting: RHB Shannon Beck
|
0-0: Called Strike 0-1: Ball 1-1: Swinging Strike 1-2: Foul Ball, location: 2F 1-2: Foul Ball, location: 2F 1-2: Ball 2-2: SOLO HOME RUN (Flyball, 7D, EV 94.4 MPH), Distance : 361 ft
|
Batting: SHB Ivan Barry
|
0-0: Ball 1-0: DOUBLE (Line Drive, 7LS, EV 95.6 MPH)
|
Batting: RHB Manny Moron
|
0-0: Foul Ball, location: 2F 0-1: Ball 1-1: Ball 2-1: Foul Ball, location: 2F 2-2: SINGLE (Groundball, 6S, EV 76.9 MPH) (infield hit) Ivan Barry to third
|
Batting: RHB Tyler Stebbins
|
0-0: Ball 1-0: Called Strike 1-1: Called Strike Manny Moron steals 2nd base 1-2: DOUBLE (Line Drive, 7LD, EV 102.5 MPH) Ivan Barry scores Manny Moron scores
|
Batting: LHB Victor Ferrermena
|
0-0: Called Strike 0-1: Foul Ball, location: 2F 0-2: Ball 1-2: Ball 2-2: Ground out 6-3 (Groundball, 6S, EV 69.4 MPH) Tyler Stebbins to third
|
Batting: SHB Matt Sybrant
|
0-0: Foul Ball, location: 2F 0-1: Foul Ball, location: 2F 0-2: DOUBLE (Line Drive, 89D, EV 108.8 MPH) Tyler Stebbins scores
|
Batting: RHB Clay Statum
|
0-0: SINGLE (Groundball, 56D, EV 106.9 MPH) Matt Sybrant to third Runner from 3rd tries for Home, SAFE, throw by LF to home
|
Pitching: RHP Josh Willig
|
|
Batting: RHB Josh Mauer
|
0-0: Ball 1-0: Foul Ball, location: 2F 1-1: Foul Ball, location: 2F 1-2: Strikes out swinging
|
Batting: RHB Roger Simmons
|
0-0: Ball 1-0: Ball 2-0: Called Strike 2-1: DOUBLE (Line Drive, 78D, EV 113.1 MPH) Clay Statum to third
|
Batting: RHB Shannon Beck
|
0-0: Called Strike 0-1: Ball 1-1: Called Strike 1-2: Foul Ball, location: 2F 1-2: Ball 2-2: Strikes out swinging
|
Bottom of the 6th over - 5 runs, 7 hits, 0 errors, 2 left on base; Quad Cities 3 - Beloit 13 |
TOP OF THE 7TH |
Quad Cities River Bandits batting - Pitching for Beloit Snappers : RHP Juan Lucero
|
Batting: LHB Mike Staley
|
0-0: Called Strike 0-1: Ball 1-1: Swinging Strike 1-2: Strikes out swinging
|
Batting: RHB Evan Fry
|
0-0: Called Strike 0-1: Ground out 6-3 (Groundball, P, EV 77.5 MPH)
|
Batting: RHB Reginald McDougall
|
0-0: Ball 1-0: Ball 2-0: SINGLE (Line Drive, 78M, EV 104.4 MPH)
|
Batting: RHB Workneh Lagat
|
0-0: Called Strike Reginald McDougall steals 2nd base (no throw) 0-1: Ball 1-1: Called Strike 1-2: SINGLE (Line Drive, 6D, EV 103.1 MPH) Reginald McDougall to third Runner from 3rd tries for Home, SAFE, throw by CF to home
|
Batting: LHB Mark Dearth
|
0-0: Called Strike 0-1: Ball 1-1: Foul Ball, location: 2F 1-2: Ball 2-2: Ball 3-2: Strikes out swinging
|
Top of the 7th over - 1 run, 2 hits, 0 errors, 1 left on base; Quad Cities 4 - Beloit 13 |
BOTTOM OF THE 7TH |
Beloit Snappers batting - Pitching for Quad Cities River Bandits : RHP Josh Willig
|
Batting: SHB Ivan Barry
|
0-0: Ball 1-0: Ball 2-0: Called Strike 2-1: Foul Ball, location: 2F 2-2: Strikes out swinging
|
Batting: RHB Manny Moron
|
0-0: Ball 1-0: Ball 2-0: Ball 3-0: Called Strike 3-1: Base on Balls
|
Batting: RHB Tyler Stebbins
|
0-0: Ball 1-0: Foul Ball, location: 2F 1-1: Ball 2-1: Ball 3-1: Called Strike 3-2: Strikes out swinging Manny Moron steals 2nd base (no throw) Batter strikes out.
|
Batting: LHB Victor Ferrermena
|
0-0: Foul Ball, location: 2F 0-1: Ball 1-1: Foul Ball, location: 2F 1-2: Foul Ball, location: 2F 1-2: Ball 2-2: Foul Ball, location: 2F 2-2: Foul Ball, location: 2F 2-2: Strikes out swinging
|
Bottom of the 7th over - 0 runs, 0 hits, 0 errors, 1 left on base; Quad Cities 4 - Beloit 13 |
TOP OF THE 8TH |
Quad Cities River Bandits batting - Pitching for Beloit Snappers : RHP Juan Lucero
|
Batting: RHB Marty King
|
0-0: Called Strike 0-1: Swinging Strike 0-2: Ball 1-2: Foul Ball, location: 2F 1-2: Ball 2-2: Strikes out looking
|
Batting: RHB Matthew Adams
|
0-0: Foul Ball, location: 2F 0-1: Swinging Strike 0-2: Ball 1-2: Strikes out swinging
|
Batting: SHB Danny Jensen
|
0-0: Foul Ball, location: 2F 0-1: Foul Ball, location: 2F 0-2: Strikes out swinging
|
Top of the 8th over - 0 runs, 0 hits, 0 errors, 0 left on base; Quad Cities 4 - Beloit 13 |
BOTTOM OF THE 8TH |
Beloit Snappers batting - Pitching for Quad Cities River Bandits : RHP Josh Willig
|
Batting: SHB Matt Sybrant
|
0-0: Ball 1-0: Called Strike 1-1: Foul Ball, location: 2F 1-2: Ball 2-2: Ball 3-2: Base on Balls
|
Batting: RHB Clay Statum
|
0-0: Swinging Strike 0-1: Swinging Strike 0-2: Ball 1-2: Foul Ball, location: 2F 1-2: Foul Ball, location: 2F 1-2: Ball 2-2: Foul Ball, location: 2F 2-2: Ball 3-2: Base on Balls Matt Sybrant to second
|
Batting: RHB Josh Mauer
|
0-0: Ball 1-0: Foul Ball, location: 2F 1-1: Ball 2-1: Ball 3-1: Swinging Strike 3-2: SINGLE (Line Drive, 34D, EV 108.8 MPH) Matt Sybrant to third Clay Statum to second
|
Pinch Hitting: RHB Jamie Jennings
|
0-0: Ground out U3 (Groundball, 3S, EV 68.8 MPH) Matt Sybrant scores Clay Statum to third Josh Mauer to second
|
Pitching: RHP Matt Parker
|
|
Batting: RHB Shannon Beck
|
0-0: Called Strike 0-1: Ball 1-1: Foul Ball, location: 2F 1-2: Ball 2-2: Foul Ball, location: 2F 2-2: Ball 3-2: Fly out, F9 (Flyball, 89M, EV 87.5 MPH) Runner from 3rd tags up, SCORES, throw by RF Josh Mauer to third
|
Batting: SHB Ivan Barry
|
Balk! Josh Mauer scores 0-0: Ball 1-0: Ball 2-0: Foul Ball, location: 2F 2-1: DOUBLE (Line Drive, 78M, EV 101.9 MPH)
|
Batting: RHB Manny Moron
|
0-0: Called Strike 0-1: Foul Ball, location: 2F 0-2: 2-RUN HOME RUN (Flyball, 78XD, EV 99.4 MPH), Distance : 391 ft
|
Batting: RHB Tyler Stebbins
|
0-0: Ball 1-0: Called Strike 1-1: Foul Ball, location: 2F 1-2: Ball 2-2: Strikes out looking
|
Bottom of the 8th over - 5 runs, 3 hits, 0 errors, 0 left on base; Quad Cities 4 - Beloit 18 |
TOP OF THE 9TH |
Quad Cities River Bandits batting - Pitching for Beloit Snappers : RHP Juan Lucero
|
Now at 3B: Jamie Jennings
|
|
Now at SS: Manny Moron
|
|
Batting: RHB Erik Smith
|
0-0: Called Strike 0-1: Swinging Strike 0-2: Foul Ball, location: 2F 0-2: Foul Ball, location: 2F 0-2: Ball 1-2: SINGLE (Line Drive, 9S, EV 103.1 MPH)
|
Pitching: RHP Mike Kirk
|
|
Batting: LHB Mike Staley
|
0-0: Called Strike 0-1: Ball 1-1: Ball 2-1: SINGLE (Groundball, 56D, EV 106.2 MPH) Erik Smith to second
|
Batting: RHB Evan Fry
|
0-0: Called Strike 0-1: Ball 1-1: Ball 2-1: Fielders Choice at 2nd, 2-6 (Groundball, 13S, EV 66.9 MPH) Erik Smith to third
|
Pinch Hitting: LHB Bruce Arvizu
|
0-0: Foul Ball, location: 2F 0-1: Foul Ball, location: 2F 0-2: Ball 1-2: Ball 2-2: Fly out, F7 (Flyball, 78M, EV 75.6 MPH)
|
Batting: RHB Workneh Lagat
|
0-0: Ball 1-0: Foul Ball, location: 2F 1-1: Ball 2-1: SINGLE (Groundball, 6S, EV 67.5 MPH) (infield hit) Erik Smith scores Evan Fry to second
|
Batting: LHB Mark Dearth
|
0-0: Foul Ball, location: 2F 0-1: Ground out 4-3 (Groundball, 4, EV 88.8 MPH)
|
Top of the 9th over - 1 run, 3 hits, 0 errors, 2 left on base; Quad Cities 5 - Beloit 18 |
|